 Dungeon Crawl Stone Soup version 0.17.0-18-gaab0e96 (console) character file.

32 gw the Vexing (level 3, -3/25 HPs)
             Began as a Human Enchanter on Nov 12, 2015.
             Slain by Natasha (6 damage)
             ... on level 2 of the Dungeon.
             The game lasted 00:01:47 (2035 turns).

gw the Vexing (Human Enchanter)                     Turns: 2035, Time: 00:01:47

Health: -3/25      AC:  3    Str:  8    XL:     3   Next: 45%
Magic:  0/6        EV: 11    Int: 16    God:
Gold:   44         SH:  0    Dex: 13    Spells: 3 memorised, 1 level left

rFire  . . .     SeeInvis .     a - +1 dagger
rCold  . . .     Clarity  .     f - +0 leather armour
rNeg   . . .     SustAt   .     (no shield)
rPois  .         Gourm    .     (no helmet)
rElec  .         Spirit   .     (no cloak)
rCorr  .         Warding  .     (no gloves)
rMut   .         Stasis   .     (no boots)
MR     .....                    (no amulet)
Stlth  ++........               (no ring)
                                (no ring)

@: not resistant to hostile enchantments, unstealthy
A: no striking features
a: no special abilities


You were on level 2 of the Dungeon.
You were not hungry.

You visited 1 branch of the dungeon, and saw 2 of its levels.

You collected 44 gold pieces.

Inventory:

Hand Weapons
 a - a +1 dagger (weapon)
Missiles
 b - 16 poisoned bolts
 e - 22 stones (quivered)
Armour
 f - a +0 leather armour (worn)
Books
 c - a book of Maledictions

   Spells                             Type                      Level
   a - Corona                         Hexes                        1
   b - Ensorcelled Hibernation        Hexes/Ice                    2
   c - Confuse                        Hexes                        3
   d - Tukima's Dance                 Hexes                        3
   e - Dazzling Spray                 Conjuration/Hexes            3
Comestibles
 d - 2 bread rations


   Skills:
 + Level 0.4 Fighting
 + Level 1.4 Short Blades
 + Level 1.2 Armour
 - Level 2.0 Dodging
 - Level 3.0 Stealth
 * Level 2.5 Spellcasting
 + Level 3.2 Hexes


You had one spell level left.
You knew the following spells:

 Your Spells              Type           Power        Failure   Level  Hunger
a - Corona                Hex            ##.....      10%         1    #......
b - Ensorcelled Hibernat  Hex/Ice        #.....       24%         2    ##.....
c - Confuse               Hex            ##......     24%         3    ###....


Dungeon Overview and Level Annotations

Branches:
Dungeon (2/15)

Altars:

Annotations:
D:2 Natasha


Message History

You hit Natasha.
Natasha is heavily wounded.
Natasha claws you.
Unknown command.
Unknown command.
Unknown command.
Unknown command.
ATTACK MOVE TO (0,-1)
You hit Natasha.
Natasha is severely wounded.
Natasha claws you.
Unknown command.
Unknown command.
Unknown command.
Unknown command.
ATTACK MOVE TO (0,-1)
You hit Natasha.
Natasha is severely wounded.
Natasha claws you.
You die...

#.# #.#
..#.# ..#.#
#.#.# ...
#.#.# ...
#.#h# #...
#.#p# ###?..
#.#.#####
.....
##>......#
######....
#..#.###.#
#.........
#..#.#
#.###.....
#..#.#
#..<#.....
#..#..
#.###.....
#.#####..###
#.........
#........#
#####.....


You could see Natasha.

Table legend:
 A = Turns spent in this place as a percentage of turns spent in the entire game.
 B = Non-inter-level travel turns spent in this place as a percentage of non-inter-level travel turns spent in the entire game.
 C = Inter-level travel turns spent in this place as a percentage of turns spent in this place.
 D = Turns resting spent in this place as a percentage of non-inter-level travel turns spent in this place.
 E = Turns spent auto-exploring this place as a percentage of non-inter-level travel turns spent in this place.
 F = Non-inter-level travel turns spent in this place divided by the number of levels of this place that you've seen.
                   A       B       C       D       E      F
               +-------+-------+-------+-------+-------+----------------------
         Total | 100.0 | 100.0 |   0.6 |   3.7 |   1.8 | 1222.0
       Dungeon | 100.0 | 100.0 |   0.6 |   3.7 |   1.8 | 1222.0
               +-------+-------+-------+-------+-------+----------------------

Table legend:
 A = Kills in this place as a percentage of kills in entire the game.
 B = Kills by you in this place as a percentage of kills by you in the entire game.
 C = Kills by friends in this place as a percentage of kills by friends in the entire game.
 D = Other kills in this place as a percentage of other kills in the entire game.
 E = Experience gained in this place as a percentage of experience gained in the entire game.
 F = Experience gained in this place divided by the number of levels of this place that you have seen.
                   A       B       C       D       E      F
               +-------+-------+-------+-------+-------+----------------------
         Total | 100.0 | 100.0 |  -nan | 100.0 | 100.0 |  23.5
       Dungeon | 100.0 | 100.0 |  -nan | 100.0 | 100.0 |  23.5
               +-------+-------+-------+-------+-------+----------------------

Vanquished Creatures
  3 giant geckos
  3 ball pythons (D:1)
  A giant cockroach (D:1)
  3 goblins (D:1)
  2 hobgoblins (D:1)
  9 kobolds (D:1)
  3 bats
  2 giant newts (D:1)
  3 rats (D:1)
29 creatures vanquished.

Notes
Turn   | Place    | Note
--------------------------------------------------------------
     0 | D:1      | gw the Human Enchanter began the quest for the Orb.
     0 | D:1      | Reached XP level 1. HP: 13/13 MP: 3/3
   116 | D:1      | Reached XP level 2. HP: 17/19 MP: 1/5
   162 | D:1      | Learned a level 2 spell: Ensorcelled Hibernation
   440 | D:1      | Reached skill level 1 in Armour
   852 | D:1      | Reached XP level 3. HP: 13/24 MP: 0/6
   986 | D:1      | Learned a level 3 spell: Confuse
  2017 | D:2      | Noticed Natasha
  2035 | D:2      | Slain by Natasha

Action                   || total
-------------------------++-------
Melee: Dagger            ||    92
Throw: Stone             ||    23
 Cast: Corona            ||    29
       Ensorcelled Hiber ||    22
       Confuse           ||    11
 Stab: Sleeping          ||     1
  Eat: Chunk             ||     7

Vault maps used:
D:1:      lightli_arrival_quake
D:2:      uniq_natasha
